 Dungeon Crawl Stone Soup version 0.25-a0-583-g696c2ac64d (webtiles) character file.

Game seed: 15470542242202114268, levelgen mode: deterministic

87660 Flugslaktarn the Severer (level 15, -5/140 HPs)
             Began as a Deep Dwarf Fighter on Mar 9, 2020.
             Was the Champion of Makhleb.
             Shot with a bolt by a naga sharpshooter (18 damage)
             ... on level 2 of the Snake Pit.
             The game lasted 00:12:00 (13700 turns).

Flugslaktarn the Severer (Deep Dwarf Fighter)      Turns: 13700, Time: 00:12:01

Health: -5/140     AC: 24    Str: 25 (26) XL:     15   Next: 7%
Magic:  19/19 (10) EV:  4    Int:  9      God:    Makhleb [******]
Gold:   1331       SH:  0    Dex: 12      Spells: 14/14 levels left

rFire    + . .     SeeInvis .   b - +6 broad axe (vorpal)
rCold    + . .     Gourm    .   c - +0 kite shield
rNeg     + . .     Faith    .   o - +0 plate armour {rC+}
rPois    .         Spirit   .   (helmet restricted)
rElec    .         Reflect  +   i - +0 cloak
rCorr    .         Harm     .   s - +1 pair of gloves
MR       ++...                  C - +1 pair of boots "Icvi" {MP+9}
Stlth    ..........             m - +5 amulet of reflection
HPRegen  0.00/turn              f - ring of protection from fire
MPRegen  0.16/turn              j - +2 ring of slaying

@: confused, lethally poisoned (-5 -> -90), non-regenerating, constricted,
studying 2 skills
A: damage resistance, heal wounds, antennae 1, iridescent scales 1,
deterioration 1, negative energy resistance 1, sense surroundings 2, MP-powered
wands, no regeneration
}: 1/15 runes: decaying
a: Heal Wounds, Minor Destruction, Lesser Servant of Makhleb, Major Destruction,
Greater Servant of Makhleb, Renounce Religion


You were on level 2 of the Snake Pit.
You worshipped Makhleb.
Makhleb was exalted by your worship.
You were not hungry.

You visited 5 branches of the dungeon, and saw 23 of its levels.
You also visited: Sewer and Bailey.

You collected 1525 gold pieces.
You spent 194 gold pieces at shops.

Inventory:

Hand Weapons
 a - a +0 war axe of flaming
 b - a +6 vorpal broad axe (weapon)
   (You took it off a hell knight on level 10 of the Dungeon)
Missiles
 H - 3 throwing nets (quivered)
Armour
 c - a +0 kite shield (worn)
 i - a +0 cloak (worn)
   (You found it on level 2 of the Dungeon)
 l - the +0 helmet of Hiwuvvatis {rPois rF+ Str+4}
   (You took it off Robin on level 3 of the Dungeon)

   It affects your strength (+4).
   It protects you from fire.
   It protects you from poison.
 o - a +0 plate armour of cold resistance (worn)
   (You found it in a bailey)
 s - a +1 pair of gloves (worn)
   (You found it on level 7 of the Dungeon)
 C - the +1 pair of boots "Icvi" (worn) {MP+9}
   (You acquired it on level 9 of the Dungeon)

   It affects your magic capacity (+9).
 D - the +6 scale mail "Cerph" {+Blink}
   (You found it on level 1 of the Lair of Beasts)

   It lets you blink.
Jewellery
 f - a ring of protection from fire (left hand)
   (You found it on level 7 of the Dungeon)
 j - a +2 ring of slaying (right hand)
   (You found it on level 3 of the Lair of Beasts)
 m - a +5 amulet of reflection (around neck)
   (You found it on level 4 of the Dungeon)
 y - an uncursed amulet of faith
   (You found it on level 8 of the Dungeon)
 O - a cursed ring of attention {unknown}
   (You found it on level 5 of the Lair of Beasts)
 T - an uncursed ring of fire {unknown}
   (You found it on level 6 of the Lair of Beasts)
Wands
 n - a wand of iceblast (3)
   (You found it on level 6 of the Dungeon)
 u - a wand of paralysis (2)
   (You found it on level 8 of the Dungeon)
 v - a wand of digging (4)
   (You found it on level 4 of the Dungeon)
 L - a wand of enslavement (8)
   (You found it on level 5 of the Lair of Beasts)
 M - a wand of acid (19)
   (You found it on level 2 of the Lair of Beasts)
 R - a wand of scattershot (3)
   (You found it on level 6 of the Lair of Beasts)
Scrolls
 g - 2 scrolls of fear
 k - a scroll of silence
 t - 4 scrolls of teleportation
 x - 9 scrolls of remove curse
 z - a scroll of blinking
 I - 2 scrolls of magic mapping
 J - 3 scrolls of amnesia
 K - a scroll of holy word
 N - a scroll of immolation
 Q - a scroll of enchant armour
Potions
 d - 3 potions of might
 h - 3 potions of haste
 p - 2 potions of curing
 q - a potion of ambrosia
 B - 2 potions of lignification
 E - 5 potions of brilliance
 F - 3 potions of cancellation
 G - 2 potions of mutation
 P - 4 potions of stabbing
 U - 2 potions of degeneration {unknown}
Books
 A - a manual of Shields
   (You acquired it on level 2 of the Swamp)
 S - a manual of Armour
   (You found it on level 6 of the Lair of Beasts)
Comestibles
 e - 39 rations
 r - 2 chunks of flesh


   Skills:
 + Level 10.7 Fighting
 * Level 16.5 Axes
 + Level 13.4 Armour
 + Level 13.3 Shields
 + Level 13.5 Invocations


You had 14 spell levels left.
You didn't know any spells.
Your spell library was empty.

Dungeon Overview and Level Annotations

Branches:
Dungeon (10/15)            Temple (1/1) D:4            Lair (6/6) D:10
  Swamp (4/4) Lair:2        Snake (2/4) Lair:3        Slime (0/5) Lair:6
  Sewer (visited)          Bailey (visited)
    Orc: D:9-12

Altars:
Ashenzari
Cheibriados
Dithmenos
Elyvilon
Fedhas
Gozag
Hepliaklqana
Kikubaaqudgha
Makhleb
Nemelex Xobeh
Okawaru
Qazlal
Ru
Sif Muna
Trog
Uskayaw
Vehumet
Wu Jian
Xom
Yredelemnul
Zin
The Shining One
Jiyva

Shops:
D:9 }   D:10 *

Annotations:
D:4 exclusion: door


Innate Abilities, Weirdness & Mutations

You are resistant to damage.
You can heal yourself by infusing magical energy.
You resist negative energy. (rN+)
You passively map the area around you.
You do not regenerate.
You have a pair of small antennae on your head.
You are partially covered in iridescent scales. (AC +2)
Your body sometimes deteriorates upon taking damage.
You expend magic power (3 MP) to strengthen your wands.


Message History

The naga sharpshooter spits poison at you.
The splash of poison hits you but does no damage.
You are more poisoned.
You feel much better.
* * * LOW HITPOINT WARNING * * *
You feel extremely sick. The naga mage barely misses you.
The black mamba bites you but does no damage.
The naga mage hits you from afar with a +0 halberd.
The naga warrior hits you from afar with a +0 halberd.
The naga hits you but does no damage.
The naga hits you with a +2 long sword of electrocution.
* * * LOW HITPOINT WARNING * * *
You are electrocuted!
* * * LOW HITPOINT WARNING * * *
The naga ritualist hits you but does no damage.
You are more poisoned.
The naga ritualist constricts you.
The naga sharpshooter shoots a bolt.
The bolt hits you!!
You die...

,
#..###...###..(#
* , * , *
+.⌠(.##### ...#
, , , * #..(..##
#...# , , *
,###....###.(.#
* *,
,###..(....# , *
* , #...⌠...# ,
* ,, , **
#...(N..# , ** ,
, #.⌠.)N⌠.# ,* *
*, #....@).# * *
** #..NNSN(# , ,
* * ≈ *,*,
#....NNN# ,, * *
,, #...###.(.. ,
≈* * ,#...# *
#....,* * * ,
#...* , #..⌠..,
, * , ... ,
*##..# .. *, ,
.## * * * * , *
*


You could see a naga warrior, a naga sharpshooter, a naga ritualist, a black
mamba, 2 naga magi and 3 nagas.

Vanquished Creatures
  the Lernaean hydra (Swamp:4)
  Aizul (Snake:2)
  14 hydras
  A naga warrior (Snake:2)
  A catoblepas (Lair:6)
  A ghost crab (Swamp:4)
  5 alligators
  An anaconda (Swamp:2)
  5 death yaks (Lair:6)
  2 orc high priests (Bailey)
  2 naga sharpshooters (Snake:2)
  2 hell knights (D:10)
  A sea snake (Snake:2)
  6 swamp dragons (Swamp:4)
  2 orc knights (Bailey)
  4 necromancers (D:10)
  An ugly thing (D:6)
  Pikel (D:8)
  2 salamanders (Snake:2)
  16 elephants
  6 black mambas
  14 spiny frogs
  A naga mage (Snake:2)
  4 rime drakes
  2 torpor snails (Lair:6)
  A komodo dragon (Lair:3)
  3 tyrant leeches (Swamp:3)
  Prince Ribbit (D:6)
  28 dream sheep
  A bog body (Swamp:3)
  7 blink frogs
  3 hippogriffs
  7 slime creatures
  A shadow (Swamp:1)
  A wyvern (Lair:5)
  A vampire (D:10)
  19 yaks
  A human (D:7)
  2 basilisks
  A hungry ghost (D:10)
  4 hogs (D:7)
  A steam dragon (Lair:3)
  2 swamp worms
  3 wargs (D:10)
  4 insubstantial wisps (Swamp:2)
  2 nagas (Snake:2)
  7 hell hounds (D:10)
  7 porcupines
  17 water moccasins
  Duvessa (D:5)
  A black bear (D:8)
  10 orc warriors
  6 swamp drakes (Swamp:4)
  5 ice beasts
  2 sky beasts
  3 slaves (D:8)
  7 necrophages
  6 wolves (Lair:4)
  6 ogres
  A centaur (D:7)
  3 phantoms
  6 crocodiles
  A big kobold (D:8)
  16 bullfrogs
  A scorpion (D:9)
  Dowan (D:5)
  7 killer bees (D:9)
  7 wights
  2 howler monkeys
  7 electric eels
  5 crimson imps
  6 hounds
  A centaur skeleton (D:10)
  3 centaur zombies
  5 jellies
  3 orc priests
  15 orc wizards
  Crazy Yiuf (D:4)
  3 iguanas
  6 worker ants
  Terence (D:3)
  A killer bee zombie (D:8)
  A hound zombie (D:6)
  2 hound skeletons
  Robin (D:3)
  21 gnolls
  16 adders
  2 shadow imps
  12 oozes
  An adder zombie (D:9)
  2 worms
  3 dart slugs
  11 leopard geckos
  50 orcs
  18 ball pythons
  15 giant cockroaches
  22 goblins
  10 hobgoblins
  4 jackals (D:9)
  10 kobolds
  4 quokkas
  3 bats (D:3)
  11 frilled lizards (Sewer)
  2 jackal skeletons
  2 leopard gecko skeletons (D:5)
  5 rats
  4 fungi
  3 plants
604 creatures vanquished.

Vanquished Creatures (others)
  A water moccasin (Swamp:2)
  A goblin (Bailey)
  10 fungi
  9 plants
21 creatures vanquished.

Grand Total: 625 creatures vanquished

Notes
Turn   | Place    | Note
-------+----------+-------------------------------------------
     0 | D:1      | Flugslaktarn the Deep Dwarf Fighter began the quest for the
                  | Orb.
     0 | D:1      | Reached XP level 1. HP: 20/20 MP: 1/1
    88 | D:1      | Reached XP level 2. HP: 22/27 MP: 2/2
   350 | D:3      | Identified the +0 helmet of Hiwuvvatis {rPois rF+ Str+4}
   350 | D:3      | Noticed Robin
   356 | D:3      | Reached skill level 3 in Axes
   360 | D:3      | Reached XP level 3. HP: 33/33 MP: 0/2
   364 | D:3      | Killed Robin
   469 | D:3      | Found a faded altar of an unknown god.
   482 | D:3      | Noticed Terence
   492 | D:3      | Killed Terence
   492 | D:3      | Reached XP level 4. HP: 40/42 MP: 3/3
   570 | D:3      | Found an ancient bone altar of Kikubaaqudgha.
   570 | D:3      | Found a blossoming altar of Fedhas.
   656 | D:4      | Noticed an ice beast
   677 | D:4      | Killed an ice beast
   677 | D:4      | Reached skill level 4 in Axes
   677 | D:4      | Reached XP level 5. HP: 21/49 MP: 4/4
   713 | D:4      | Reached XP level 6. HP: 21/56 MP: 5/5
   758 | D:4      | Reached skill level 5 in Axes
   802 | D:4      | Found a staircase to the Ecumenical Temple.
   831 | Temple   | Entered the Ecumenical Temple
   990 | Temple   | Became a worshipper of Makhleb the Destroyer
  1082 | D:4      | Found a shimmering blue altar of Sif Muna.
  1181 | D:4      | Reached skill level 1 in Invocations
  1181 | D:4      | Reached XP level 7. HP: 63/64 MP: 6/6
  1324 | D:4      | Found a runed translucent door.
  1325 | D:4      | Noticed Crazy Yiuf
  1334 | D:4      | Killed Crazy Yiuf
  1416 | D:5      | Entered Level 5 of the Dungeon
  1459 | D:5      | Reached skill level 5 in Shields
  1578 | D:5      | Noticed Dowan
  1579 | D:5      | Reached skill level 5 in Armour
  1579 | D:5      | Noticed Duvessa
  1588 | D:5      | Killed Dowan
  1633 | D:5      | Killed Duvessa
  1633 | D:5      | Reached skill level 6 in Axes
  1647 | D:5      | Reached * piety under Makhleb
  1655 | D:5      | Reached XP level 8. HP: 56/73 MP: 6/8
  2140 | D:6      | Noticed a brown ugly thing
  2195 | D:6      | Noticed Prince Ribbit
  2249 | D:6      | Reached skill level 7 in Axes
  2532 | D:6      | Killed Prince Ribbit
  2532 | D:6      | Reached skill level 5 in Fighting
  2641 | D:6      | Found a glowing drain.
  2653 | Sewer    | Entered a sewer
  2669 | Sewer    | Reached ** piety under Makhleb
  2824 | Sewer    | Reached *** piety under Makhleb
  2928 | Sewer    | Reached skill level 8 in Axes
  2962 | Sewer    | Gained mutation: You passively map the area around you.
                  | [Deep Dwarf growth]
  2962 | Sewer    | Reached XP level 9. HP: 81/81 MP: 9/9
  3230 | D:6      | Reached skill level 5 in Invocations
  3412 | D:6      | Killed a brown ugly thing
  3934 | D:7      | Reached skill level 9 in Axes
  4072 | D:7      | Reached **** piety under Makhleb
  4324 | D:8      | Reached XP level 10. HP: 89/91 MP: 10/10
  4664 | D:8      | Reached skill level 10 in Axes
  4677 | D:8      | Noticed Pikel
  4694 | D:8      | Killed Pikel
  4936 | D:8      | Found a white marble altar of Elyvilon.
  4938 | D:8      | Found a snail-covered altar of Cheibriados.
  4944 | D:8      | Found a sacrificial altar of Ru.
  4944 | D:8      | Found a sparkling altar of Nemelex Xobeh.
  4944 | D:8      | Found a radiant altar of Vehumet.
  4945 | D:8      | Found a shimmering altar of Xom.
  4946 | D:8      | Found a glowing golden altar of the Shining One.
  4947 | D:8      | Found a shattered altar of Ashenzari.
  4949 | D:8      | Found an ornate altar of the Wu Jian Council.
  5144 | D:9      | Found a flagged portal.
  5162 | Bailey   | Entered a bailey
  5213 | Bailey   | Found an iron altar of Okawaru.
  5213 | Bailey   | Noticed an orc high priest
  5213 | Bailey   | Noticed an orc high priest
  5219 | Bailey   | Noticed a sixfirhy
  5226 | Bailey   | Killed an orc high priest
  5236 | Bailey   | Noticed an orange demon
  5249 | Bailey   | Killed an orc high priest
  5250 | Bailey   | Noticed an orc knight
  5273 | Bailey   | Killed an orc knight
  5326 | Bailey   | Reached skill level 11 in Axes
  5509 | Bailey   | Reached ***** piety under Makhleb
  5517 | Bailey   | Reached XP level 11. HP: 53/100 MP: 11/11
  5537 | Bailey   | Noticed an orc knight
  5559 | Bailey   | Killed an orc knight
  5771 | D:9      | Identified the +1 pair of boots "Icvi" {MP+9} (You acquired
                  | it on level 9 of the Dungeon)
  6510 | D:9      | Found Xaompue's Gadget Shoppe.
  6656 | D:10     | Entered Level 10 of the Dungeon
  6768 | D:10     | Reached skill level 12 in Axes
  6862 | D:10     | Found a staircase to the Lair.
  6977 | D:10     | Noticed a hell knight
  6999 | D:10     | Killed a hell knight
  7038 | D:10     | Noticed a hell knight
  7039 | D:10     | Noticed a necromancer
  7041 | D:10     | Noticed a hell knight
  7041 | D:10     | Noticed a necromancer
  7089 | D:10     | Killed a necromancer
  7120 | D:10     | Killed a hell knight
  7123 | D:10     | Noticed a necromancer
  7131 | D:10     | Noticed a necromancer
  7138 | D:10     | Killed a necromancer
  7141 | D:10     | Killed a necromancer
  7141 | D:10     | Reached XP level 12. HP: 50/110 MP: 10/10
  7249 | D:10     | Reached ****** piety under Makhleb
  7274 | D:10     | Found Cuev's Assorted Antiques.
  7280 | D:10     | Bought a scroll of identify for 58 gold pieces
  7280 | D:10     | Bought a scroll labeled XOTWIO ORYU for 29 gold pieces
  7280 | D:10     | Bought a scroll labeled GEOM NAXUEMO for 29 gold pieces
  7280 | D:10     | Bought an amethyst potion for 26 gold pieces
  7280 | D:10     | Bought a sedimented black potion for 26 gold pieces
  7280 | D:10     | Bought a sedimented black potion for 26 gold pieces
  7404 | Lair:1   | Entered Level 1 of the Lair of Beasts
  7555 | Lair:1   | Reached skill level 10 in Invocations
  8058 | Lair:2   | Reached skill level 13 in Axes
  8076 | Lair:2   | Reached skill level 10 in Shields
  8154 | Lair:1   | Got a smoking scale mail
  8165 | Lair:1   | Identified the +6 scale mail "Cerph" {+Blink} (You found it
                  | on level 1 of the Lair of Beasts)
  8281 | Lair:3   | Found a staircase to the Snake Pit.
  8294 | Lair:3   | Reached skill level 10 in Armour
  8564 | Lair:2   | Noticed a five-headed hydra
  8590 | Lair:2   | Killed a 13-headed hydra
  8654 | Lair:2   | Found a staircase to the Swamp.
  9861 | Lair:4   | Reached XP level 13. HP: 121/121 MP: 8/8
  9956 | Lair:4   | Reached skill level 14 in Axes
 11659 | Lair:6   | Entered Level 6 of the Lair of Beasts
 11749 | Lair:6   | Reached skill level 15 in Axes
 11909 | Lair:6   | Found a staircase to the Slime Pits.
 12028 | Lair:6   | Gained mutation: You resist negative energy. (rN+) [Deep
                  | Dwarf growth]
 12028 | Lair:6   | Reached XP level 14. HP: 77/130 MP: 9/9
 12688 | Swamp:1  | Entered Level 1 of the Swamp
 12706 | Swamp:2  | Reached skill level 10 in Fighting
 12740 | Swamp:2  | Identified the +0 pair of boots of Xonwobb {rF- rN+ Regen+
                  | rCorr} (You acquired it on level 2 of the Swamp)
 12865 | Swamp:4  | Entered Level 4 of the Swamp
 13202 | Swamp:4  | Reached skill level 16 in Axes
 13210 | Swamp:4  | Noticed the 27-headed Lernaean hydra
 13226 | Swamp:4  | Killed the 18-headed Lernaean hydra
 13391 | Swamp:4  | Got a decaying rune of Zot
 13556 | Snake:1  | Entered Level 1 of the Snake Pit
 13570 | Snake:2  | Noticed Aizul
 13589 | Snake:2  | Killed Aizul
 13595 | Snake:2  | Gained mutation: You have a pair of small antennae on your
                  | head. [potion of mutation]
 13595 | Snake:2  | Gained mutation: Your body sometimes deteriorates upon
                  | taking damage. [potion of mutation]
 13595 | Snake:2  | Gained mutation: You expend magic power (3 MP) to
                  | strengthen your wands. [potion of mutation]
 13595 | Snake:2  | Gained mutation: You are partially covered in iridescent
                  | scales. (AC +2) [potion of mutation]
 13669 | Snake:2  | Reached XP level 15. HP: 140/140 MP: 10/10
 13699 | Snake:2  | HP: 3/140 [naga/+2 long sword of electrocution (9)]
 13700 | Snake:2  | Shot with a bolt by a naga sharpshooter

Levels and vault maps discovered:
D:1:      lightli_iron_boxes, layout_loops_ring
D:2:      layout_basic, first_ration, dk_noncrumbling_3
D:3:      layout_basic, grunt_temple_overflow_growth_and_decay,
          chequers_ecumenical_altar_island, chequers_serial_rivers_micro_b,
          uniq_robin, uniq_grinder, uniq_terence
D:4:      layout_basic, minmay_temple_entry_junction, led_sif_book,
          uniq_crazy_yiuf_cottage
D:5:      layout_basic, minmay_fractal_squares_diagonal_5, uniq_duvessa
D:6:      minmay_angry_zag, layout_loops_ring, cheibrodos_sewer_entry_drain,
          kennysheep_decorative_pillar, kennysheep_generic_room_3,
          uniq_prince_ribbit1
D:7:      layout_basic, grunt_livestock
D:8:      layout_gridville, minitemple, minmay_manual_monstrance, uniq_pikel
D:9:      layout_grid_maze, serial_shops, nicolae_shop_behind_doors,
          lightli_bailey_entry_fortress
D:10:     layout_loops_cross, erik_lair_orcish_takeover, serial_shops, shop,
          minmay_misc_feat_columns, minmay_rotating_lava
Temple:   pf_slime_end_temple
Lair:1:   layout_chaotic_city
Lair:2:   layout_roguey, swamp_mist, bh_chokoban
Lair:3:   layout_hall_layers, dummy_snake_entry, columned_hall_lemuel,
          nicolae_quartered_pool_super, serial_bayou_lake_a
Lair:4:   layout_small_grid
Lair:5:   layout_long_grid, roderic_carrion_pond
Lair:6:   due_jungle_book, layout_loops_ring, minmay_slime_entry_pillars,
          serial_bayou_ford_a, chequers_serial_rivers_micro_b,
          hangedman_lair_generics_rect
Swamp:1:  layout_falls_marsh, evilmike_swamp_ruin_house_4
Swamp:2:  layout_falls_marsh, nicolae_swamp_very_dense_foliage, swamp_pool5,
          nicolae_swamp_snake_nest, uniq_louise
Swamp:3:  layout_falls_marsh, evilmike_swamp_ruin_house_1, uniq_bai_suzhen
Swamp:4:  swamp_old_school, layout_basic_swamp, infiniplex_staircase_pool_2,
          uniq_roxanne
Snake:1:  layout_concentric_octagons, drop_trap
Snake:2:  layout_chambers, drop_trap, nicolae_snake_salamander_stairs,
          lemuel_fruit_tree, grunt_megastairs_4, serial_bayou_shore_a,
          uniq_aizul

Skill      XL: |  1  2  3  4  5  6  7  8  9 10 11 12 13 14 |
---------------+-------------------------------------------+-----
Axes           | 3 4 5 6 8 9 11 12 13 15 16 | 16.5
Fighting       | 3 4 5 6 7 8 9 10 | 10.7
Armour         | 4 5 6 7 8 9 10 11 13 | 13.4
Shields        | 4 5 6 7 8 9 10 11 13 | 13.3
Invocations    | 1 2 4 6 8 9 11 12 13 | 13.5

Action                   |  1- 3 |  4- 6 |  7- 9 | 10-12 | 13-15 || total
-------------------------+-------+-------+-------+-------+-------++-------
Melee: War axe           |    72 |   124 |   583 |   652 |   143 ||  1574
       Broad axe         |       |       |       |   215 |   490 ||   705
 Abil: Heal Wounds       |     2 |     3 |    14 |    23 |    13 ||    55
Evoke: Wand              |       |       |       |     3 |       ||     3
  Use: Scroll            |     2 |       |     6 |    21 |     8 ||    37
       Potion            |       |       |     1 |     1 |     4 ||     6
 Stab: Paralysed         |       |       |       |     9 |       ||     9
       Petrified         |       |       |       |       |     6 ||     6
       Petrifying        |       |       |       |       |     2 ||     2
       Distracted        |       |       |       |       |     1 ||     1
  Eat: Chunk             |       |     1 |     9 |    20 |     9 ||    39
       Ration            |       |       |     1 |       |     2 ||     3
Armor: Scale mail        |    11 |       |       |   108 |       ||   119
       Plate armour      |    42 |    75 |   368 |   286 |   615 ||  1386
Dodge: Dodged            |    18 |    25 |   130 |   153 |   210 ||   536
Block: Kite shield       |    61 |    85 |   412 |   702 |   731 ||  1991
       Reflection        |       |       |     2 |     2 |    16 ||    20

Table legend:
 A = Non-vault XP
 B = Vault XP
 C = Vault XP percentage of total XP
 D = Non-vault monster count
 E = Vault monster count
 F = Vault count percentage of total count
                 A         B        C        D         E       F
            +---------+---------+-------+---------+---------+-------
      Total |   62070 |   44588 |  41.8 |     360 |     235 |  39.5
            +---------+---------+-------+---------+---------+-------
        D:1 |      14 |       0 |   0.0 |       6 |       0 |   0.0
        D:2 |      10 |       0 |   0.0 |       7 |       0 |   0.0
        D:3 |      44 |      67 |  60.4 |      10 |      12 |  54.5
        D:4 |     609 |      39 |   6.0 |      18 |       1 |   5.3
        D:5 |     357 |     561 |  61.1 |      15 |       7 |  31.8
        D:6 |    1134 |     554 |  32.8 |      17 |       9 |  34.6
        D:7 |     751 |     964 |  56.2 |      22 |       5 |  18.5
        D:8 |     979 |    1095 |  52.8 |      19 |       7 |  26.9
        D:9 |    2725 |      87 |   3.1 |      51 |      12 |  19.0
       D:10 |    3340 |    5646 |  62.8 |      29 |      21 |  42.0
     Lair:1 |    1683 |       0 |   0.0 |       7 |       0 |   0.0
     Lair:2 |    4550 |       0 |   0.0 |      17 |       0 |   0.0
     Lair:3 |    5582 |       0 |   0.0 |      27 |       0 |   0.0
     Lair:4 |   11068 |       0 |   0.0 |      38 |       0 |   0.0
     Lair:5 |    6018 |     725 |  10.8 |      20 |       6 |  23.1
     Lair:6 |   10106 |    4722 |  31.8 |      25 |      12 |  32.4
    Swamp:1 |    1135 |       0 |   0.0 |       2 |       0 |   0.0
    Swamp:2 |    2555 |    1650 |  39.2 |       8 |       7 |  46.7
    Swamp:3 |    1109 |       0 |   0.0 |       4 |       0 |   0.0
    Swamp:4 |    4956 |   19519 |  79.8 |      12 |      22 |  64.7
    Snake:1 |     468 |       0 |   0.0 |       1 |       0 |   0.0
    Snake:2 |    2877 |    4305 |  59.9 |       5 |       6 |  54.5
      Sewer |       0 |     352 | 100.0 |       0 |      65 | 100.0
     Bailey |       0 |    4302 | 100.0 |       0 |      43 | 100.0
            +---------+---------+-------+---------+---------+-------
